River Rats vs Machettes
(R1)
Created - 6 février 2013 at 23:17
Goals
|
| River Rats |
2 |
1 |
0 |
3 |
| Machettes |
1 |
1 |
3 |
5 |
|
Shots
|
| River Rats |
14 |
12 |
8 |
34 |
| Machettes |
7 |
6 |
23 |
36 |
|
1st period
1. River Rats , Lee Stempniak 11 (Tyler Bozak) at 7:58
2. River Rats , Martin Grenier 5 (Dustin Boyd, Barry Brust) at 16:32
3. Machettes , Brad Winchester 20 (Pavel Vorobiev) at 18:33
Penalties :
Matt Keith (CLM) for Goalie Interference (Minor) at 1:38, Tyler McNeely (CLM) for Hooking (Minor) at 5:03, Josh Meyers (Alb) for Interference (Minor) at 5:03, James Wisniewski (CLM) for Hooking (Minor) at 14:26
2nd period
4. River Rats , Lee Stempniak 12 (Dustin Boyd) at 9:49 (PP)
5. Machettes , Stefan Ruzicka 21 (Cory Emmerton) at 17:35
Penalties :
Peter Olvecky (CLM) for High sticking (Minor) at 0:26, Peter Olvecky (CLM) for Hooking (Minor) at 5:32, Alexandre Picard (CLM) for Hooking (Minor) at 8:15, Peter Olvecky (CLM) for Interference (Minor) at 18:30
3rd period
6. Machettes , Stefan Ruzicka 22 (Cory Emmerton, Peter Olvecky) at 7:52 (PP)
7. Machettes , Dustin Jeffrey 1 (Matt Keith, James Wisniewski) at 11:17
8. Machettes , Pavel Vorobiev 22 (Brad Winchester, Mike Lundin) at 15:26 (PP)
Penalties :
Josh Meyers (Alb) for Hooking (Minor) at 6:50, Chris Mcallister (Alb) for Kneeing (Major) at 12:14
Goalie Stats
Barry Brust (Alb), 31 saves from 36 shots - (0,861), L, 2-1-0, 60:00 minutes
Marek Schwarz (CLM), 31 saves from 34 shots - (0,912), W, 3-9-0, 60:00 minutes
Players Stats for River Rats
Player Name G A P +/- PIM S H SB GA TA FO MP PP MP PK MP
------------------------------------------------------------------------------------
Andrej Meszaros 0 0 0 -1 0 6 1 3 0 1 0/0 27:24 7:11 3:24
Benn Ferriero 0 0 0 0 0 1 1 0 0 0 1/2 9:37 0:00 0:00
Brett Maclean 0 0 0 -2 0 1 1 0 1 0 0/0 15:33 5:07 0:14
Bryan Bickell 0 0 0 0 0 2 0 0 0 0 0/0 7:33 0:00 1:51
Bryan Rodney 0 0 0 -1 0 0 0 4 0 0 0/0 12:12 0:00 0:21
Chris Mcallister 0 0 0 0 5 2 4 2 0 1 0/4 21:45 6:22 0:26
Dustin Boyd 0 2 2 0 0 3 1 0 3 0 21/35 22:57 6:22 1:56
Jay Beagle 0 0 0 0 0 0 2 1 1 0 0/0 5:42 0:00 0:00
Jesse Joensuu 0 0 0 0 0 2 0 0 0 0 0/0 9:37 0:00 0:00
Josh Meyers 0 0 0 1 4 0 0 1 0 1 0/0 12:34 0:00 2:16
Kyle Chipchura 0 0 0 0 0 1 1 1 1 2 4/11 9:06 0:00 3:24
Lee Stempniak 2 0 2 1 0 5 1 0 0 1 2/3 23:24 6:22 1:16
Martin Grenier 1 0 1 0 0 4 1 2 0 0 0/0 27:43 7:11 2:42
Mikael Renberg 0 0 0 -2 0 3 0 0 0 1 0/1 17:52 5:07 2:14
Niklas Hjalmarsson 0 0 0 -1 0 1 2 0 0 0 0/0 23:10 4:18 2:58
Sasha Pokulok 0 0 0 1 0 0 0 0 0 1 0/0 17:51 4:18 0:21
Trent Hunter 0 0 0 0 0 1 0 0 1 0 0/0 9:37 0:00 0:00
Tyler Bozak 0 1 1 -1 0 2 1 0 0 2 4/11 18:20 5:07 0:41
Players Stats for Machettes
Player Name G A P +/- PIM S H SB GA TA FO MP PP MP PK MP
------------------------------------------------------------------------------------
Alec Martinez 0 0 0 0 0 2 3 2 0 0 0/0 21:10 3:27 1:46
Alexandre Picard 0 0 0 2 2 0 0 1 0 2 0/0 25:00 1:58 3:55
Andrew Orpik 0 0 0 -1 0 2 0 0 0 0 0/0 17:56 0:41 5:40
Brad Winchester 1 1 2 1 0 10 4 1 0 1 9/13 26:03 3:17 6:42
Cory Emmerton 0 2 2 1 0 2 0 0 0 0 8/16 12:18 2:03 0:00
Dustin Jeffrey 1 0 1 0 0 1 0 0 0 0 1/1 7:18 0:05 0:00
James Wisniewski 0 1 1 2 2 0 2 1 2 2 0/0 21:12 1:53 3:31
John Mitchell 0 0 0 1 0 1 0 1 0 1 9/21 16:04 3:17 0:00
Matt Keith 0 1 1 0 2 0 2 1 1 0 0/1 8:40 0:36 0:00
Mike Lundin 0 1 1 -1 0 2 1 5 3 0 0/0 25:57 3:27 6:58
Pavel Vorobiev 1 1 2 1 0 12 1 1 3 0 1/2 25:21 3:17 6:36
Peter Olvecky 0 1 1 1 6 1 1 0 0 0 1/1 14:37 2:03 0:34
Rick Schofield 0 0 0 0 0 0 0 0 0 0 2/2 7:38 0:17 0:00
Stefan Ruzicka 2 0 2 1 0 2 3 1 1 1 0/3 17:01 2:03 3:37
Stephane Da Costa 0 0 0 -1 0 0 2 0 0 0 4/6 11:08 0:36 1:20
Steven Goertzen 0 0 0 -1 0 1 4 0 0 0 0/1 13:00 0:29 3:37
Tom Gilbert 0 0 0 0 0 0 1 1 0 0 0/0 6:12 0:00 1:08
Tyler McNeely 0 0 0 -1 2 0 0 0 0 0 0/0 9:50 0:36 0:32
3 Stars
1 - Stefan Ruzicka (CLM)
2 - Lee Stempniak (Alb)
3 - Brad Winchester (CLM)
Power Play
River Rats - 1 on 6 Attempt(s) - 16,67%
Machettes - 2 on 2 Attempt(s) - 100,00%
Penalty Kill
River Rats - 0 on 2 Attempt(s) - 0,00%
- Score 0 goal in Penalty Kill
Machettes - 5 on 6 Attempt(s) - 83,33%
- Score 0 goal in Penalty Kill
Official
Referees : Kowal Tom and Banfield David
Linesman : Derek Amell and Tony Sericolo
Game Notes
Tom Gilbert is injured at 12:53 of 1st period (Bruised Right Foot)
River Rats
5 vs 5 Forward
Center Left Wing Right Wing Time % Phy DF OF
1 Dustin Boyd Chris Mcallister Lee Stempniak 40 1 2 2
2 Tyler Bozak Brett Maclean Mikael Renberg 30 1 2 2
3 Benn Ferriero Jesse Joensuu Trent Hunter 20 1 2 2
4 Kyle Chipchura Bryan Bickell Jay Beagle 10 1 2 2
5 vs 5 Defense
Defense Defense Time % Phy DF OF
1 Andrej Meszaros Martin Grenier 40 1 2 2
2 Sasha Pokulok Niklas Hjalmarsson 30 1 2 2
3 Josh Meyers Bryan Rodney 20 1 2 2
4 Niklas Hjalmarsson Bryan Rodney 10 1 2 2
PowerPlay Forward
Center Left Wing Right Wing Time % Phy DF OF
1 Dustin Boyd Chris Mcallister Lee Stempniak 60 1 2 2
2 Tyler Bozak Brett Maclean Mikael Renberg 40 1 2 2
PowerPlay Defense
Defense Defense Time % Phy DF OF
1 Andrej Meszaros Martin Grenier 60 1 2 2
2 Niklas Hjalmarsson Sasha Pokulok 40 1 2 2
Penalty Kill 4 Players Forward
Center Wing Time % Phy DF OF
1 Kyle Chipchura Mikael Renberg 60 1 2 2
2 Dustin Boyd Chris Mcallister 40 1 2 2
Penalty Kill 4 Players Defense
Defense Defense Time % Phy DF OF
1 Andrej Meszaros Niklas Hjalmarsson 60 1 2 2
2 Josh Meyers Martin Grenier 40 1 2 2
Penalty Kill - 3 Players Forward
Forward Time % Phy DF OF
1 Kyle Chipchura 60 1 2 2
2 Mikael Renberg 40 1 2 2
Penalty Kill - 3 Players Defense
Defense Defense Time % Phy DF OF
1 Martin Grenier Niklas Hjalmarsson 60 1 2 2
2 Andrej Meszaros Sasha Pokulok 40 1 2 2
4 vs 4 Forward
Center Wing Time % Phy DF OF
1 Tyler Bozak Lee Stempniak 60 1 2 2
2 Dustin Boyd Chris Mcallister 40 1 2 2
4 vs 4 Defense
Defense Defense Time % Phy DF OF
1 Andrej Meszaros Niklas Hjalmarsson 60 1 2 2
2 Martin Grenier Sasha Pokulok 40 1 2 2
Last Minutes Offensive
Center Left Wing Right Wing Defense Defense
Dustin Boyd Chris Mcallister Lee Stempniak Andrej Meszaros Martin Grenier
Last Minutes Defensive
Center Left Wing Right Wing Defense Defense
Dustin Boyd Chris Mcallister Lee Stempniak Andrej Meszaros Martin Grenier
Goaltenders
Starting : Barry Brust
Backup : Jeff Glass
Extra Forwards
Normal : Bryan Bickell, Brett Maclean, Mikael Renberg - PP : Bryan Bickell, Brett Maclean - PK : Lee Stempniak
Extra Defensemen
Normal : Martin Grenier, Josh Meyers, Andrej Meszaros - PP : Bryan Rodney - PK : Josh Meyers, Andrej Meszaros
Penalty Shots
Lee Stempniak, Mikael Renberg, Dustin Boyd, Chris Mcallister, Benn Ferriero
Machettes
5 vs 5 Forward
Center Left Wing Right Wing Time % Phy DF OF
1 John Mitchell Brad Winchester Pavel Vorobiev 40 1 2 2
2 Cory Emmerton Peter Olvecky Stefan Ruzicka 30 1 2 2
3 Stephane Da Costa Tyler McNeely Steven Goertzen 20 1 2 2
4 Rick Schofield Dustin Jeffrey Matt Keith 10 1 2 2
5 vs 5 Defense
Defense Defense Time % Phy DF OF
1 Mike Lundin Tom Gilbert 40 1 2 2
2 James Wisniewski Alexandre Picard 30 1 2 2
3 Alec Martinez Andrew Orpik 20 1 2 2
4 Alec Martinez Alexandre Picard 10 1 2 2
PowerPlay Forward
Center Left Wing Right Wing Time % Phy DF OF
1 John Mitchell Brad Winchester Pavel Vorobiev 60 1 2 2
2 Cory Emmerton Peter Olvecky Stefan Ruzicka 40 1 2 2
PowerPlay Defense
Defense Defense Time % Phy DF OF
1 Mike Lundin Tom Gilbert 60 1 2 2
2 James Wisniewski Alexandre Picard 40 1 2 2
Penalty Kill 4 Players Forward
Center Wing Time % Phy DF OF
1 Brad Winchester Pavel Vorobiev 60 1 2 2
2 Stefan Ruzicka Steven Goertzen 40 1 2 2
Penalty Kill 4 Players Defense
Defense Defense Time % Phy DF OF
1 Mike Lundin Tom Gilbert 60 1 2 2
2 James Wisniewski Alexandre Picard 40 1 2 2
Penalty Kill - 3 Players Forward
Forward Time % Phy DF OF
1 Brad Winchester 60 1 2 2
2 Pavel Vorobiev 40 1 2 2
Penalty Kill - 3 Players Defense
Defense Defense Time % Phy DF OF
1 Mike Lundin Tom Gilbert 60 1 2 2
2 James Wisniewski Alexandre Picard 40 1 2 2
4 vs 4 Forward
Center Wing Time % Phy DF OF
1 Brad Winchester Pavel Vorobiev 60 1 2 2
2 Stefan Ruzicka Steven Goertzen 40 1 2 2
4 vs 4 Defense
Defense Defense Time % Phy DF OF
1 Mike Lundin Tom Gilbert 60 1 2 2
2 James Wisniewski Alexandre Picard 40 1 2 2
Last Minutes Offensive
Center Left Wing Right Wing Defense Defense
John Mitchell Brad Winchester Pavel Vorobiev Mike Lundin Tom Gilbert
Last Minutes Defensive
Center Left Wing Right Wing Defense Defense
John Mitchell Brad Winchester Pavel Vorobiev Mike Lundin Tom Gilbert
Goaltenders
Starting : Marek Schwarz
Backup : Mathieu Garon
Extra Forwards
Normal : Matt Keith, Tyler McNeely, Stephane Da Costa - PP : Matt Keith, Tyler McNeely - PK : Stephane Da Costa
Extra Defensemen
Normal : Alec Martinez, Andrew Orpik, James Wisniewski - PP : Alec Martinez - PK : Andrew Orpik, Alec Martinez
Penalty Shots
Brad Winchester, Pavel Vorobiev, Stefan Ruzicka, Steven Goertzen, John Mitchell
% Time on Ice - River Rats
Lines # - Real PCT - Wanted PCT - Time Play
Normal Forward
1 - 37% - 40% - 15:00
2 - 25% - 30% - 10:12
3 - 24% - 20% - 9:37
4 - 14% - 10% - 5:42
Normal Defense
1 - 38% - 40% - 15:33
2 - 32% - 30% - 13:07
3 - 22% - 20% - 8:46
4 - 8% - 10% - 3:05
PP Forward
1 - 55% - 60% - 6:22
2 - 45% - 40% - 5:07
PP Defense
1 - 63% - 60% - 7:11
2 - 37% - 40% - 4:18
PK Forward
1 - 68% - 60% - 4:05
2 - 32% - 40% - 1:56
PK Defense
1 - 55% - 60% - 3:19
2 - 45% - 40% - 2:42
PK3 Forward
1 - 0% - 60%
2 - 0% - 40%
PK3 Defense
1 - 0% - 60%
2 - 0% - 40%
44 Forward
1 - 55% - 60% - 1:05
2 - 45% - 40% - 0:54
44 Defense
1 - 64% - 60% - 1:16
2 - 36% - 40% - 0:43
Last Minute Offensive - 0:00
Last Minute Defensive - 0:00
Total
Forward - 60:00
Defense - 60:00
|
% Time on Ice - Machettes
Lines # - Real PCT - Wanted PCT - Time Play
Normal Forward
1 - 37% - 40% - 14:55
2 - 29% - 30% - 11:34
3 - 18% - 20% - 7:21
4 - 16% - 10% - 6:41
Normal Defense
1 - 43% - 40% - 17:28
2 - 30% - 30% - 12:10
3 - 16% - 20% - 6:35
4 - 11% - 10% - 4:18
PP Forward
1 - 55% - 60% - 3:17
2 - 45% - 40% - 2:44
PP Defense
1 - 69% - 60% - 4:08
2 - 31% - 40% - 1:53
PK Forward
1 - 69% - 60% - 7:52
2 - 31% - 40% - 3:37
PK Defense
1 - 62% - 60% - 7:04
2 - 38% - 40% - 4:25
PK3 Forward
1 - 0% - 60%
2 - 0% - 40%
PK3 Defense
1 - 0% - 60%
2 - 0% - 40%
44 Forward
1 - 54% - 60% - 1:04
2 - 46% - 40% - 0:55
44 Defense
1 - 46% - 60% - 0:55
2 - 54% - 40% - 1:04
Last Minute Offensive - 0:00
Last Minute Defensive - 0:00
Total
Forward - 60:00
Defense - 60:00
|
Play by Play
1st period
0:01 of 1st period - Brad Winchester wins face-off versus Dustin Boyd in neutral zone.
0:05 of 1st period - Off-side.
0:06 of 1st period - Dustin Boyd wins face-off versus John Mitchell in neutral zone.
0:13 of 1st period - Wrist shot by Dustin Boyd.
0:13 of 1st period - Shot Misses the Net.
0:15 of 1st period - Slapshot by Lee Stempniak.
0:15 of 1st period - Shot Blocked by Pavel Vorobiev.
0:17 of 1st period - Slapshot by Andrej Meszaros.
0:17 of 1st period - Shot Misses the Net.
0:19 of 1st period - Snap shot by Chris Mcallister.
0:19 of 1st period - Shot Misses the Net.
0:33 of 1st period - Slapshot by Andrej Meszaros.
0:33 of 1st period - Stopped by Marek Schwarz without a rebound.
0:34 of 1st period - Cory Emmerton wins face-off versus Tyler Bozak in Machettes zone.
0:34 of 1st period - Cory Emmerton is hit by Tyler Bozak.
1:00 of 1st period - James Wisniewski is hit by Niklas Hjalmarsson and loses puck.
1:29 of 1st period - Snap shot by Pavel Vorobiev.
1:29 of 1st period - Stopped by Barry Brust with a rebound.
1:38 of 1st period - Minor Penalty to Matt Keith for Goalie Interference.
1:39 of 1st period - Brad Winchester wins face-off versus Dustin Boyd in Machettes zone.
1:48 of 1st period - Slapshot by Martin Grenier.
1:48 of 1st period - Shot Blocked by Mike Lundin.
1:50 of 1st period - Wrist shot by Chris Mcallister.
1:50 of 1st period - Stopped by Marek Schwarz with a rebound.
1:52 of 1st period - Slapshot by Andrej Meszaros.
1:52 of 1st period - Stopped by Marek Schwarz with a rebound.
1:54 of 1st period - Wrist shot by Lee Stempniak.
1:54 of 1st period - Shot Misses the Net.
2:24 of 1st period - James Wisniewski is hit by Chris Mcallister.
3:03 of 1st period - Icing by Lee Stempniak.
3:04 of 1st period - Stephane Da Costa wins face-off versus Dustin Boyd in River Rats zone.
3:38 of 1st period - Penalty to Matt Keith is over, Matt Keith is back on ice.
3:41 of 1st period - Off-side.
3:42 of 1st period - Dustin Jeffrey wins face-off versus Kyle Chipchura in neutral zone.
3:45 of 1st period - Kyle Chipchura is hit by Alec Martinez and loses puck.
4:40 of 1st period - Snap shot by Jesse Joensuu.
4:40 of 1st period - Stopped by Marek Schwarz with a rebound.
5:03 of 1st period - Minor Penalty to Tyler McNeely for Hooking.
5:03 of 1st period - Minor Penalty to Josh Meyers for Interference.
5:04 of 1st period - Brad Winchester wins face-off versus Tyler Bozak in River Rats zone.
5:09 of 1st period - Snap shot by Brad Winchester.
5:09 of 1st period - Stopped by Barry Brust with a rebound.
5:11 of 1st period - Snap shot by Pavel Vorobiev.
5:11 of 1st period - Stopped by Barry Brust with a rebound.
5:13 of 1st period - Wrist shot by Brad Winchester.
5:13 of 1st period - Stopped by Barry Brust with a rebound.
5:34 of 1st period - Off-side.
5:35 of 1st period - Dustin Boyd wins face-off versus Steven Goertzen in neutral zone.
5:46 of 1st period - Wrist shot by Chris Mcallister.
5:46 of 1st period - Shot Misses the Net.
6:06 of 1st period - Snap shot by Tyler Bozak.
6:06 of 1st period - Stopped by Marek Schwarz with a rebound.
6:08 of 1st period - Slapshot by Tyler Bozak.
6:08 of 1st period - Shot Blocked by James Wisniewski.
6:10 of 1st period - Snap shot by Lee Stempniak.
6:10 of 1st period - Stopped by Marek Schwarz without a rebound.
6:11 of 1st period - Brad Winchester wins face-off versus Tyler Bozak in Machettes zone.
6:48 of 1st period - Snap shot by Stefan Ruzicka.
6:48 of 1st period - Shot Blocked by Andrej Meszaros.
6:56 of 1st period - James Wisniewski is hit by Dustin Boyd and loses puck.
7:03 of 1st period - Penalty to Tyler McNeely is over, Tyler McNeely is back on ice.
7:03 of 1st period - Penalty to Josh Meyers is over, Josh Meyers is back on ice.
7:14 of 1st period - Icing by Martin Grenier.
7:15 of 1st period - Tyler Bozak wins face-off versus John Mitchell in River Rats zone.
7:15 of 1st period - Tyler Bozak is hit by Brad Winchester.
7:48 of 1st period - Snap shot by Steven Goertzen.
7:48 of 1st period - Stopped by Barry Brust with a rebound.
7:58 of 1st period - Slapshot by Lee Stempniak.
7:58 of 1st period - Goal by Lee Stempniak - River Rats : 1 - Machettes : 0.
7:59 of 1st period - Benn Ferriero wins face-off versus John Mitchell in neutral zone.
8:24 of 1st period - Jay Beagle is hit by Peter Olvecky.
9:24 of 1st period - Off-side.
9:25 of 1st period - John Mitchell wins face-off versus Kyle Chipchura in neutral zone.
9:32 of 1st period - Wrist shot by Pavel Vorobiev.
9:32 of 1st period - Shot Blocked by Andrej Meszaros.
10:37 of 1st period - Niklas Hjalmarsson is hit by Tom Gilbert and loses puck.
11:22 of 1st period - Slapshot by Lee Stempniak.
11:22 of 1st period - Deflect By Dustin Boyd.
11:22 of 1st period - Shot Misses the Net.
11:22 of 1st period - Puck is out of play.
11:23 of 1st period - Cory Emmerton wins face-off versus Tyler Bozak in Machettes zone.
11:48 of 1st period - Chris Mcallister is hit by Stephane Da Costa and loses puck.
11:57 of 1st period - Alec Martinez is hit by Lee Stempniak.
12:09 of 1st period - Snap shot by Pavel Vorobiev.
12:09 of 1st period - Stopped by Barry Brust with a rebound.
12:11 of 1st period - Slapshot by Pavel Vorobiev.
12:11 of 1st period - Shot Misses the Net.
12:13 of 1st period - Wrist shot by Tom Gilbert.
12:13 of 1st period - Shot Blocked by Chris Mcallister.
12:15 of 1st period - Snap shot by Pavel Vorobiev.
12:15 of 1st period - Shot Blocked by Josh Meyers.
12:53 of 1st period - Slapshot by Tyler Bozak.
12:53 of 1st period - Shot Blocked by Tom Gilbert.
12:53 of 1st period - Tom Gilbert from Machettes is injured at 12:53 of 1st period (Bruised Right Foot).
12:54 of 1st period - Dustin Boyd wins face-off versus John Mitchell in Machettes zone.
13:10 of 1st period - Snap shot by Dustin Boyd.
13:10 of 1st period - Shot Misses the Net.
13:25 of 1st period - Benn Ferriero is hit by Brad Winchester.
13:28 of 1st period - Off-side.
13:29 of 1st period - Cory Emmerton wins face-off versus Tyler Bozak in neutral zone.
13:59 of 1st period - Snap shot by Dustin Boyd.
13:59 of 1st period - Stopped by Marek Schwarz with a rebound.
14:01 of 1st period - Snap shot by Chris Mcallister.
14:01 of 1st period - Shot Blocked by Mike Lundin.
14:03 of 1st period - Slapshot by Dustin Boyd.
14:03 of 1st period - Shot Blocked by Alec Martinez.
14:05 of 1st period - Slapshot by Sasha Pokulok.
14:05 of 1st period - Shot Misses the Net.
14:25 of 1st period - Wrist shot by Trent Hunter.
14:25 of 1st period - Stopped by Marek Schwarz without a rebound.
14:26 of 1st period - Dustin Boyd wins face-off versus John Mitchell in Machettes zone.
14:26 of 1st period - Minor Penalty to James Wisniewski for Hooking.
14:27 of 1st period - Dustin Boyd wins face-off versus Brad Winchester in Machettes zone.
14:39 of 1st period - Off-side.
14:40 of 1st period - Pavel Vorobiev wins face-off versus Dustin Boyd in neutral zone.
15:10 of 1st period - Slapshot by Andrej Meszaros.
15:10 of 1st period - Shot Blocked by Mike Lundin.
16:26 of 1st period - Penalty to James Wisniewski is over, James Wisniewski is back on ice.
16:32 of 1st period - Slapshot by Martin Grenier.
16:32 of 1st period - Deflect By Matt Keith.
16:32 of 1st period - Goal by Martin Grenier - River Rats : 2 - Machettes : 0.
16:33 of 1st period - Tyler Bozak wins face-off versus John Mitchell in neutral zone.
16:38 of 1st period - Wrist shot by Brett Maclean.
16:38 of 1st period - Shot Blocked by Brad Winchester.
16:40 of 1st period - Snap shot by Tyler Bozak.
16:40 of 1st period - Shot Blocked by Alec Martinez.
17:00 of 1st period - Icing by Stefan Ruzicka.
17:01 of 1st period - Dustin Boyd wins face-off versus Cory Emmerton in Machettes zone.
17:04 of 1st period - Snap shot by Chris Mcallister.
17:04 of 1st period - Stopped by Marek Schwarz with a rebound.
17:06 of 1st period - Slapshot by Martin Grenier.
17:06 of 1st period - Stopped by Marek Schwarz without a rebound.
17:07 of 1st period - Dustin Boyd wins face-off versus John Mitchell in Machettes zone.
17:20 of 1st period - Snap shot by Dustin Boyd.
17:20 of 1st period - Stopped by Marek Schwarz with a rebound.
17:41 of 1st period - Off-side.
17:42 of 1st period - Dustin Boyd wins face-off versus Cory Emmerton in neutral zone.
18:11 of 1st period - Josh Meyers is hit by Brad Winchester and loses puck.
18:17 of 1st period - Icing by Mikael Renberg.
18:18 of 1st period - Tyler Bozak wins face-off versus John Mitchell in River Rats zone.
18:33 of 1st period - Slapshot by Brad Winchester.
18:33 of 1st period - Goal by Brad Winchester - River Rats : 2 - Machettes : 1.
18:34 of 1st period - John Mitchell wins face-off versus Dustin Boyd in neutral zone.
18:37 of 1st period - Snap shot by Brad Winchester.
18:37 of 1st period - Deflect By John Mitchell.
18:37 of 1st period - Shot Misses the Net.
18:37 of 1st period - Puck is out of play.
18:38 of 1st period - Lee Stempniak wins face-off versus Brad Winchester in River Rats zone.
18:38 of 1st period - Lee Stempniak is hit by Brad Winchester.
19:16 of 1st period - Slapshot by Mikael Renberg.
19:16 of 1st period - Stopped by Marek Schwarz with a rebound.
19:43 of 1st period - Icing by Steven Goertzen.
19:44 of 1st period - Kyle Chipchura wins face-off versus Stephane Da Costa in Machettes zone.
2nd period
0:01 of 2nd period - Dustin Boyd wins face-off versus John Mitchell in neutral zone.
0:23 of 2nd period - Icing by Pavel Vorobiev.
0:24 of 2nd period - Tyler Bozak wins face-off versus Cory Emmerton in Machettes zone.
0:26 of 2nd period - Minor Penalty to Peter Olvecky for High sticking.
0:27 of 2nd period - Brad Winchester wins face-off versus Dustin Boyd in Machettes zone.
1:19 of 2nd period - Icing by Niklas Hjalmarsson.
1:20 of 2nd period - Dustin Boyd wins face-off versus Brad Winchester in River Rats zone.
1:43 of 2nd period - Backhand shot by Mikael Renberg.
1:43 of 2nd period - Stopped by Marek Schwarz with a rebound.
1:49 of 2nd period - Slapshot by Brett Maclean.
1:49 of 2nd period - Stopped by Marek Schwarz with a rebound.
2:26 of 2nd period - Penalty to Peter Olvecky is over, Peter Olvecky is back on ice.
2:48 of 2nd period - Off-side.
2:49 of 2nd period - Kyle Chipchura wins face-off versus Cory Emmerton in neutral zone.
2:56 of 2nd period - Slapshot by Niklas Hjalmarsson.
2:56 of 2nd period - Deflect By Stefan Ruzicka.
2:56 of 2nd period - Stopped by Marek Schwarz without a rebound.
2:57 of 2nd period - Cory Emmerton wins face-off versus Kyle Chipchura in Machettes zone.
3:08 of 2nd period - Slapshot by James Wisniewski.
3:08 of 2nd period - Shot Blocked by Jay Beagle.
3:22 of 2nd period - Niklas Hjalmarsson is hit by Pavel Vorobiev and loses puck.
3:43 of 2nd period - Alexandre Picard is hit by Brett Maclean and loses puck.
4:06 of 2nd period - Slapshot by Andrej Meszaros.
4:06 of 2nd period - Deflect By Mike Lundin.
4:06 of 2nd period - Stopped by Marek Schwarz with a rebound.
4:08 of 2nd period - Snap shot by Andrej Meszaros.
4:08 of 2nd period - Stopped by Marek Schwarz with a rebound.
4:48 of 2nd period - Slapshot by Mike Lundin.
4:48 of 2nd period - Shot Blocked by Bryan Rodney.
5:12 of 2nd period - Slapshot by Mike Lundin.
5:12 of 2nd period - Stopped by Barry Brust without a rebound.
5:13 of 2nd period - Dustin Boyd wins face-off versus Cory Emmerton in River Rats zone.
5:30 of 2nd period - Martin Grenier is hit by Stefan Ruzicka and loses puck.
5:32 of 2nd period - Minor Penalty to Peter Olvecky for Hooking.
5:33 of 2nd period - Brad Winchester wins face-off versus Lee Stempniak in Machettes zone.
5:42 of 2nd period - Snap shot by Pavel Vorobiev.
5:42 of 2nd period - Shot Misses the Net.
6:19 of 2nd period - Niklas Hjalmarsson is hit by Steven Goertzen and loses puck.
7:00 of 2nd period - Brett Maclean is hit by James Wisniewski and loses puck.
7:15 of 2nd period - Alexandre Picard is hit by Chris Mcallister and loses puck.
7:32 of 2nd period - Penalty to Peter Olvecky is over, Peter Olvecky is back on ice.
7:55 of 2nd period - Benn Ferriero is hit by Matt Keith and loses puck.
8:08 of 2nd period - Snap shot by Bryan Bickell.
8:08 of 2nd period - Stopped by Marek Schwarz with a rebound.
8:12 of 2nd period - Slapshot by Bryan Bickell.
8:12 of 2nd period - Shot Hit the Post.
8:14 of 2nd period - Slapshot by Josh Meyers.
8:14 of 2nd period - Shot Blocked by Stefan Ruzicka.
8:15 of 2nd period - Minor Penalty to Alexandre Picard for Hooking.
8:16 of 2nd period - Lee Stempniak wins face-off versus Brad Winchester in Machettes zone.
8:47 of 2nd period - Off-side.
8:48 of 2nd period - Dustin Boyd wins face-off versus Stefan Ruzicka in neutral zone.
9:17 of 2nd period - Backhand shot by Mikael Renberg.
9:17 of 2nd period - Deflect By Alec Martinez.
9:17 of 2nd period - Shot Misses the Net.
9:17 of 2nd period - Puck is out of play.
9:18 of 2nd period - Brad Winchester wins face-off versus Mikael Renberg in Machettes zone.
9:49 of 2nd period - Snap shot by Lee Stempniak.
9:49 of 2nd period - Goal by Lee Stempniak - River Rats : 3 - Machettes : 1.
9:50 of 2nd period - Dustin Boyd wins face-off versus Cory Emmerton in neutral zone.
10:37 of 2nd period - Wrist shot by Steven Goertzen.
10:37 of 2nd period - Shot Misses the Net.
10:39 of 2nd period - Slapshot by Alec Martinez.
10:39 of 2nd period - Stopped by Barry Brust with a rebound.
10:41 of 2nd period - Slapshot by Alec Martinez.
10:41 of 2nd period - Deflect By Sasha Pokulok.
10:41 of 2nd period - Stopped by Barry Brust with a rebound.
10:59 of 2nd period - Wrist shot by Chris Mcallister.
10:59 of 2nd period - Shot Misses the Net.
11:01 of 2nd period - Wrist shot by Chris Mcallister.
11:01 of 2nd period - Shot Misses the Net.
11:09 of 2nd period - Wrist shot by Lee Stempniak.
11:09 of 2nd period - Shot Misses the Net.
11:19 of 2nd period - Stefan Ruzicka is hit by Jay Beagle and loses puck.
11:56 of 2nd period - Snap shot by Lee Stempniak.
11:56 of 2nd period - Shot Misses the Net.
12:12 of 2nd period - Andrej Meszaros is hit by Alec Martinez and loses puck.
12:33 of 2nd period - Peter Olvecky is hit by Jay Beagle and loses puck.
12:52 of 2nd period - Mikael Renberg is hit by Steven Goertzen and loses puck.
13:09 of 2nd period - Brett Maclean is hit by Steven Goertzen and loses puck.
13:53 of 2nd period - Cory Emmerton is hit by Martin Grenier and loses puck.
14:13 of 2nd period - Kyle Chipchura is hit by Mike Lundin.
14:33 of 2nd period - Snap shot by Pavel Vorobiev.
14:33 of 2nd period - Stopped by Barry Brust with a rebound.
15:21 of 2nd period - Peter Olvecky is hit by Niklas Hjalmarsson and loses puck.
15:36 of 2nd period - Slapshot by Dustin Boyd.
15:36 of 2nd period - Shot Blocked by Matt Keith.
16:36 of 2nd period - Andrew Orpik is hit by Benn Ferriero and loses puck.
16:43 of 2nd period - Trent Hunter is hit by Stephane Da Costa and loses puck.
16:54 of 2nd period - Brad Winchester is hit by Chris Mcallister and loses puck.
16:59 of 2nd period - Slapshot by Lee Stempniak.
16:59 of 2nd period - Stopped by Marek Schwarz without a rebound.
17:00 of 2nd period - Rick Schofield wins face-off versus Dustin Boyd in Machettes zone.
17:00 of 2nd period - Rick Schofield is hit by Chris Mcallister.
17:27 of 2nd period - Brett Maclean is hit by Stefan Ruzicka.
17:35 of 2nd period - Snap shot by Stefan Ruzicka.
17:35 of 2nd period - Goal by Stefan Ruzicka - River Rats : 3 - Machettes : 2.
17:36 of 2nd period - John Mitchell wins face-off versus Chris Mcallister in neutral zone.
17:47 of 2nd period - Snap shot by Pavel Vorobiev.
17:47 of 2nd period - Stopped by Barry Brust without a rebound.
17:48 of 2nd period - Dustin Boyd wins face-off versus John Mitchell in River Rats zone.
17:57 of 2nd period - Snap shot by Dustin Boyd.
17:57 of 2nd period - Shot Misses the Net.
17:59 of 2nd period - Slapshot by Martin Grenier.
17:59 of 2nd period - Stopped by Marek Schwarz with a rebound.
18:01 of 2nd period - Snap shot by Dustin Boyd.
18:01 of 2nd period - Stopped by Marek Schwarz without a rebound.
18:02 of 2nd period - John Mitchell wins face-off versus Dustin Boyd in Machettes zone.
18:13 of 2nd period - Martin Grenier is hit by James Wisniewski and loses puck.
18:30 of 2nd period - Minor Penalty to Peter Olvecky for Interference.
18:31 of 2nd period - Dustin Boyd wins face-off versus Pavel Vorobiev in Machettes zone.
19:01 of 2nd period - Slapshot by Mikael Renberg.
19:01 of 2nd period - Shot Misses the Net.
19:03 of 2nd period - Slapshot by Andrej Meszaros.
19:03 of 2nd period - Stopped by Marek Schwarz with a rebound.
19:05 of 2nd period - Slapshot by Martin Grenier.
19:05 of 2nd period - Stopped by Marek Schwarz without a rebound.
19:06 of 2nd period - Dustin Boyd wins face-off versus Stefan Ruzicka in Machettes zone.
3rd period
0:01 of 3rd period - Brad Winchester wins face-off versus Dustin Boyd in neutral zone.
0:04 of 3rd period - Wrist shot by Pavel Vorobiev.
0:04 of 3rd period - Deflect By Brad Winchester.
0:04 of 3rd period - Shot Misses the Net.
0:04 of 3rd period - Puck is out of play.
0:05 of 3rd period - Brad Winchester wins face-off versus Chris Mcallister in River Rats zone.
0:30 of 3rd period - Penalty to Peter Olvecky is over, Peter Olvecky is back on ice.
0:37 of 3rd period - Slapshot by Martin Grenier.
0:37 of 3rd period - Shot Blocked by Mike Lundin.
0:54 of 3rd period - Snap shot by Brad Winchester.
0:54 of 3rd period - Shot Misses the Net.
1:06 of 3rd period - Wrist shot by Brad Winchester.
1:06 of 3rd period - Stopped by Barry Brust with a rebound.
1:08 of 3rd period - Slapshot by Andrew Orpik.
1:08 of 3rd period - Stopped by Barry Brust with a rebound.
1:10 of 3rd period - Snap shot by Pavel Vorobiev.
1:10 of 3rd period - Stopped by Barry Brust with a rebound.
1:56 of 3rd period - Slapshot by Pavel Vorobiev.
1:56 of 3rd period - Shot Misses the Net.
2:00 of 3rd period - Wrist shot by Brad Winchester.
2:00 of 3rd period - Shot Misses the Net.
2:02 of 3rd period - Wrist shot by Pavel Vorobiev.
2:02 of 3rd period - Shot Blocked by Andrej Meszaros.
2:04 of 3rd period - Slapshot by Andrew Orpik.
2:04 of 3rd period - Shot Misses the Net.
2:08 of 3rd period - Snap shot by Pavel Vorobiev.
2:08 of 3rd period - Stopped by Barry Brust with a rebound.
2:10 of 3rd period - Wrist shot by Brad Winchester.
2:10 of 3rd period - Deflect By Pavel Vorobiev.
2:10 of 3rd period - Stopped by Barry Brust with a rebound.
2:12 of 3rd period - Wrist shot by Brad Winchester.
2:12 of 3rd period - Shot Misses the Net.
2:14 of 3rd period - Slapshot by Peter Olvecky.
2:14 of 3rd period - Deflect By Brad Winchester.
2:14 of 3rd period - Shot Misses the Net.
2:14 of 3rd period - Puck is out of play.
2:15 of 3rd period - Stephane Da Costa wins face-off versus Dustin Boyd in River Rats zone.
3:23 of 3rd period - Icing by Niklas Hjalmarsson.
3:24 of 3rd period - Cory Emmerton wins face-off versus Kyle Chipchura in River Rats zone.
3:27 of 3rd period - Snap shot by Cory Emmerton.
3:27 of 3rd period - Stopped by Barry Brust without a rebound.
3:28 of 3rd period - Dustin Boyd wins face-off versus Cory Emmerton in River Rats zone.
4:05 of 3rd period - Slapshot by Mike Lundin.
4:05 of 3rd period - Stopped by Barry Brust with a rebound.
4:21 of 3rd period - Icing by Andrej Meszaros.
4:22 of 3rd period - Kyle Chipchura wins face-off versus Stephane Da Costa in River Rats zone.
4:38 of 3rd period - Off-side.
4:39 of 3rd period - Peter Olvecky wins face-off versus Dustin Boyd in neutral zone.
5:12 of 3rd period - Wrist shot by Tyler Bozak.
5:12 of 3rd period - Shot Misses the Net.
5:14 of 3rd period - Snap shot by Brett Maclean.
5:14 of 3rd period - Shot Misses the Net.
5:16 of 3rd period - Snap shot by Mikael Renberg.
5:16 of 3rd period - Shot Misses the Net.
5:46 of 3rd period - Wrist shot by Jay Beagle.
5:46 of 3rd period - Shot Misses the Net.
6:37 of 3rd period - Slapshot by Brad Winchester.
6:37 of 3rd period - Stopped by Barry Brust with a rebound.
6:39 of 3rd period - Wrist shot by John Mitchell.
6:39 of 3rd period - Shot Blocked by Bryan Rodney.
6:50 of 3rd period - Minor Penalty to Josh Meyers for Hooking.
6:51 of 3rd period - John Mitchell wins face-off versus Kyle Chipchura in River Rats zone.
6:52 of 3rd period - Slapshot by Pavel Vorobiev.
6:52 of 3rd period - Shot Misses the Net.
7:20 of 3rd period - Kyle Chipchura is hit by Stefan Ruzicka and loses puck.
7:30 of 3rd period - Icing by Alexandre Picard.
7:31 of 3rd period - Cory Emmerton wins face-off versus Chris Mcallister in Machettes zone.
7:52 of 3rd period - Snap shot by Stefan Ruzicka.
7:52 of 3rd period - Goal by Stefan Ruzicka - River Rats : 3 - Machettes : 3.
7:53 of 3rd period - John Mitchell wins face-off versus Dustin Boyd in neutral zone.
8:02 of 3rd period - Slapshot by Brad Winchester.
8:02 of 3rd period - Stopped by Barry Brust without a rebound.
8:03 of 3rd period - Dustin Boyd wins face-off versus John Mitchell in River Rats zone.
8:58 of 3rd period - Wrist shot by Lee Stempniak.
8:58 of 3rd period - Shot Blocked by John Mitchell.
9:12 of 3rd period - Snap shot by Lee Stempniak.
9:12 of 3rd period - Stopped by Marek Schwarz without a rebound.
9:13 of 3rd period - Cory Emmerton wins face-off versus Tyler Bozak in Machettes zone.
9:18 of 3rd period - Slapshot by Andrew Orpik.
9:18 of 3rd period - Deflect By Andrej Meszaros.
9:18 of 3rd period - Stopped by Barry Brust with a rebound.
9:28 of 3rd period - Wrist shot by Peter Olvecky.
9:28 of 3rd period - Deflect By Tyler Bozak.
9:28 of 3rd period - Stopped by Barry Brust without a rebound.
9:29 of 3rd period - Stephane Da Costa wins face-off versus Benn Ferriero in River Rats zone.
9:41 of 3rd period - Off-side.
9:42 of 3rd period - Cory Emmerton wins face-off versus Tyler Bozak in neutral zone.
9:57 of 3rd period - Snap shot by Cory Emmerton.
9:57 of 3rd period - Stopped by Barry Brust without a rebound.
9:58 of 3rd period - John Mitchell wins face-off versus Dustin Boyd in River Rats zone.
10:07 of 3rd period - Chris Mcallister is hit by Alec Martinez and loses puck.
10:43 of 3rd period - Andrej Meszaros is hit by Steven Goertzen and loses puck.
10:50 of 3rd period - Slapshot by Andrej Meszaros.
10:50 of 3rd period - Stopped by Marek Schwarz with a rebound.
10:52 of 3rd period - Snap shot by Benn Ferriero.
10:52 of 3rd period - Stopped by Marek Schwarz with a rebound.
10:54 of 3rd period - Slapshot by Martin Grenier.
10:54 of 3rd period - Shot Blocked by Alexandre Picard.
10:56 of 3rd period - Wrist shot by Jesse Joensuu.
10:56 of 3rd period - Stopped by Marek Schwarz with a rebound.
11:15 of 3rd period - Snap shot by Dustin Jeffrey.
11:15 of 3rd period - Shot Misses the Net.
11:17 of 3rd period - Snap shot by Matt Keith.
11:17 of 3rd period - Deflect By Dustin Jeffrey.
11:17 of 3rd period - Goal by Dustin Jeffrey - River Rats : 3 - Machettes : 4.
11:18 of 3rd period - John Mitchell wins face-off versus Dustin Boyd in neutral zone.
11:25 of 3rd period - Wrist shot by Brad Winchester.
11:25 of 3rd period - Stopped by Barry Brust with a rebound.
11:27 of 3rd period - Snap shot by Brad Winchester.
11:27 of 3rd period - Stopped by Barry Brust without a rebound.
11:28 of 3rd period - Dustin Boyd wins face-off versus John Mitchell in River Rats zone.
11:41 of 3rd period - Wrist shot by Brad Winchester.
11:41 of 3rd period - Shot Blocked by Chris Mcallister.
11:43 of 3rd period - Snap shot by John Mitchell.
11:43 of 3rd period - Shot Blocked by Bryan Rodney.
11:45 of 3rd period - Wrist shot by Brad Winchester.
11:45 of 3rd period - Shot Misses the Net.
11:53 of 3rd period - Backhand shot by Pavel Vorobiev.
11:53 of 3rd period - Shot Blocked by Bryan Rodney.
11:55 of 3rd period - Snap shot by Pavel Vorobiev.
11:55 of 3rd period - Shot Misses the Net.
11:57 of 3rd period - Snap shot by John Mitchell.
11:57 of 3rd period - Stopped by Barry Brust with a rebound.
12:14 of 3rd period - Major Penalty to Chris Mcallister for Kneeing.
12:15 of 3rd period - Kyle Chipchura wins face-off versus Stefan Ruzicka in River Rats zone.
12:24 of 3rd period - Wrist shot by Mikael Renberg.
12:24 of 3rd period - Stopped by Marek Schwarz with a rebound.
12:26 of 3rd period - Snap shot by Mikael Renberg.
12:26 of 3rd period - Shot Blocked by Mike Lundin.
12:28 of 3rd period - Wrist shot by Kyle Chipchura.
12:28 of 3rd period - Stopped by Marek Schwarz without a rebound.
12:29 of 3rd period - John Mitchell wins face-off versus Kyle Chipchura in Machettes zone.
12:29 of 3rd period - John Mitchell is hit by Kyle Chipchura.
13:54 of 3rd period - Wrist shot by Pavel Vorobiev.
13:54 of 3rd period - Stopped by Barry Brust with a rebound.
13:56 of 3rd period - Wrist shot by Pavel Vorobiev.
13:56 of 3rd period - Shot Misses the Net.
13:58 of 3rd period - Snap shot by Brad Winchester.
13:58 of 3rd period - Shot Blocked by Kyle Chipchura.
14:00 of 3rd period - Snap shot by Pavel Vorobiev.
14:00 of 3rd period - Shot Blocked by Martin Grenier.
14:12 of 3rd period - Snap shot by Brad Winchester.
14:12 of 3rd period - Deflect By Pavel Vorobiev.
14:12 of 3rd period - Stopped by Barry Brust with a rebound.
14:14 of 3rd period - Slapshot by Alec Martinez.
14:14 of 3rd period - Shot Misses the Net.
15:14 of 3rd period - Snap shot by Pavel Vorobiev.
15:14 of 3rd period - Stopped by Barry Brust with a rebound.
15:16 of 3rd period - Slapshot by Mike Lundin.
15:16 of 3rd period - Shot Blocked by Martin Grenier.
15:22 of 3rd period - Snap shot by Brad Winchester.
15:22 of 3rd period - Stopped by Barry Brust with a rebound.
15:24 of 3rd period - Snap shot by Brad Winchester.
15:24 of 3rd period - Stopped by Barry Brust with a rebound.
15:26 of 3rd period - Snap shot by Pavel Vorobiev.
15:26 of 3rd period - Goal by Pavel Vorobiev - River Rats : 3 - Machettes : 5.
15:27 of 3rd period - Dustin Boyd wins face-off versus Cory Emmerton in neutral zone.
16:16 of 3rd period - Snap shot by Tyler Bozak.
16:16 of 3rd period - Stopped by Marek Schwarz with a rebound.
16:28 of 3rd period - Wrist shot by Cory Emmerton.
16:28 of 3rd period - Shot Misses the Net.
16:30 of 3rd period - Wrist shot by Cory Emmerton.
16:30 of 3rd period - Shot Hit the Post.
16:32 of 3rd period - Backhand shot by James Wisniewski.
16:32 of 3rd period - Deflect By Stefan Ruzicka.
16:32 of 3rd period - Shot Misses the Net.
16:32 of 3rd period - Puck is out of play.
16:33 of 3rd period - Dustin Boyd wins face-off versus Matt Keith in River Rats zone.
16:52 of 3rd period - Niklas Hjalmarsson is hit by Matt Keith and loses puck.
17:14 of 3rd period - Penalty to Chris Mcallister is over, Chris Mcallister is back on ice.
17:28 of 3rd period - Icing by Chris Mcallister.
17:29 of 3rd period - Stephane Da Costa wins face-off versus Chris Mcallister in River Rats zone.
18:58 of 3rd period - Andrew Orpik is hit by Andrej Meszaros and loses puck.
19:11 of 3rd period - Snap shot by Bryan Bickell.
19:11 of 3rd period - Stopped by Marek Schwarz without a rebound.
19:12 of 3rd period - Rick Schofield wins face-off versus Kyle Chipchura in Machettes zone.
Output by the SimonT Hockey Simulator (STHS) for François Prévost -- Original Page W3C XHTML 1.0 Valid